 Dungeon Crawl Stone Soup version 0.29.1-15-g9cfb28693d (webtiles) character file.

Game seed: 239974766970678654

186574 LustLizard the Wrestler (level 17, -3/179 HPs)
             Began as a Troll Fighter on Apr 1, 2023.
             Was the Champion of Wu Jian.
             Slain by a black mamba (14 damage)
             ... on level 2 of the Lair of Beasts on Apr 2, 2023.
             The game lasted 01:36:52 (37455 turns).

LustLizard the Wrestler (Troll Fighter)            Turns: 37455, Time: 01:36:52

Health: -3/179     AC: 11    Str: 28    XL:     17   Next: 43%
Magic:  16/16      EV: 14    Int: 10    God:    Wu Jian [******]
Gold:   2856       SH: 17    Dex:  9    Spells: 16/16 levels left

rFire   . . .      SeeInvis .     - Unarmed
rCold   . . .      Faith    .   b - +1 kite shield
rNeg    . . .      Spirit   .   H - +0 steam dragon scales
rPois   +          Reflect  +   d - +2 hood of the Assassin {Detection Stab+ Stlth++}
rElec   .          Harm     .   y - +1 cloak
rCorr   +          Rampage  .   (gloves unavailable)
Will    ++...                   (boots unavailable)
Stlth   +.........              F - amulet of reflection
HPRegen 1.19/turn               U - ring of poison resistance
MPRegen 0.15/turn               A - ring "Asaucwat" {Will+ rCorr}

@: in a heavenly storm, glowing
A: large, unfitting armour, claws 3, regeneration 1, shaggy fur 1, tough skin 1
}: 1/15 runes: barnacled
a: Renounce Religion, Wall Jump, Serpent's Lash, Heavenly Storm


You were on level 2 of the Lair of Beasts.
You worshipped Wu Jian.
Wu Jian was exalted by your worship.
You visited 5 branches of the dungeon, and saw 27 of its levels.
You also visited: Sewer, Ossuary, Gauntlet and Ice Cave.

You collected 3370 gold pieces.
You spent 514 gold pieces at shops.

Inventory:

Hand Weapons
 w - a +3 scimitar of flaming
Missiles
 a - 4 atropa-tipped darts
 f - 51 poisoned darts (quivered)
 C - 7 throwing nets
 Q - 17 datura-tipped darts
Armour
 b - a +1 kite shield (worn)
 d - the +2 hood of the Assassin (worn) {Detection Stab+ Stlth++}
   (You found it on level 7 of the Dungeon)

   It allows the wearer to sense nearby creatures.
   It allows the wearer to make particularly effective stabbing attacks against
   helpless or unaware enemies with any weapon.
   Stlth:     It makes you much more stealthy.
 y - a +1 cloak (worn)
 H - +0 steam dragon scales (worn)
Jewellery
 A - the ring "Asaucwat" (right claw) {Will+ rCorr}
   (You bought it in a shop on level 3 of the Dungeon)

   [ring of resist corrosion]

   rCorr:     It protects you from acid and corrosion.
   Will:      It increases your willpower.
 D - a ring of flight
 E - a ring of willpower
 F - an amulet of reflection (around neck)
 I - a ring of protection from fire
 K - a ring of ice
 S - the ring "Manofih" {Fire Str+2}
   (You found it in a Gauntlet)

   [ring of fire]

   It enhances your fire magic.
   Str:       It affects your strength (+2).
   rF:        It protects you from fire.
   rC:        It makes you vulnerable to cold.
 T - the ring of Xom's Bemusement {rF+ rC- Will+ Int+7}
   (You took it off a minotaur in a Gauntlet)

   [ring of willpower]

   Int:       It affects your intelligence (+7).
   rF:        It protects you from fire.
   rC:        It makes you vulnerable to cold.
   Will:      It increases your willpower.
 U - a ring of poison resistance (left claw)
 Y - a ring of see invisible
Wands
 k - a wand of roots (18)
 B - a wand of light (2)
 L - a wand of digging (12)
 M - a wand of polymorph (10)
 N - a wand of flame (12)
 P - a wand of charming (20)
Scrolls
 e - 4 scrolls of poison
 g - 9 scrolls of magic mapping
 i - 3 scrolls of amnesia
 j - 7 scrolls of enchant armour
 o - 14 scrolls of identify
 t - 3 scrolls of enchant weapon
 x - 4 scrolls of silence
 G - 7 scrolls of fog
 R - a scroll of brand weapon
Potions
 c - 11 potions of might
 h - a potion of heal wounds
 l - 4 potions of mutation
 m - 2 potions of magic
 n - 4 potions of invisibility
 p - a potion of lignification
 q - a potion of curing
 r - 3 potions of berserk rage
 u - 3 potions of ambrosia
 z - a potion of resistance
 V - a potion of brilliance
 W - 3 potions of haste
Miscellaneous
 s - a box of beasts
 J - a condenser vane (inert)
 O - a phial of floods (inert)
 X - a phantom mirror (inert)
 Z - a piece from Xom's chessboard (15/15)


   Skills:
 + Level 13.7 Fighting
 - Level 9.9 Dodging
 - Level 13.3 Shields
 * Level 21.7 Unarmed Combat


You had 16 spell levels left.
You didn't know any spells.
Your spell library contained the following spells:

 Spells                   Type           Power      Damage    Failure   Level
 Beastly Appendage        Tmut           0%         N/A       52%         1
 Ensorcelled Hibernation  Hex/Ice        0%         N/A       67%         2
 Passwall                 Tmut/Erth      0%         N/A       67%         2
 Scorch                   Fire           0%         2d5       67%         2
 Static Discharge         Conj/Air       0%         3-3/arc   67%         2
 Wereblood                Tmut           0%         N/A       67%         2
 Dazzling Flash           Conj/Hex       0%         N/A       88%         3
 Spider Form              Tmut/Pois      0%         N/A       88%         3
 Stone Arrow              Conj/Erth      0%         3d7       88%         3
 Swiftness                Air            0%         N/A       88%         3
 Airstrike                Air            0%         2d(0-16)  99%         4
 Animate Armour           Summ/Erth      0%         N/A       99%         4
 Dispel Undead            Necr           0%         3d6       99%         4
 Flame Wave               Conj/Fire      0%         2d4       99%         4
 Hailstorm                Conj/Ice       0%         3d3       99%         4
 Ice Form                 Ice/Tmut       0%         N/A       99%         4
 Iskenderun's Mystic Bla  Conj/Tloc      0%         2d3       99%         4
 Sticky Flame             Conj/Fire      0%         2d3       99%         4
 Summon Lightning Spire   Summ/Air       0%         N/A       99%         4
 Blade Hands              Tmut           0%         N/A       100%        5
 Lightning Bolt           Conj/Air       0%         1d11      100%        5
 Summon Forest            Summ/Tloc      0%         N/A       100%        5
 Summon Mana Viper        Hex/Summ       0%         N/A       100%        5
 Iron Shot                Conj/Erth      0%         9d1       100%        6
 Simulacrum               Ice/Necr       0%         N/A       100%        6
 Starburst                Conj/Fire      0%         6d3       100%        6
 Summon Cactus Giant      Summ           0%         N/A       100%        6
 Borgnjor's Revivificati  Necr           0%         N/A       100%        8
 Lehudib's Crystal Spear  Conj/Erth      0%         10d2      100%        8
 Necromutation            Tmut/Necr      0%         N/A       100%        8
 Death's Door             Necr           0%         N/A       100%        9


Dungeon Overview and Level Annotations

Branches:
Dungeon (15/15)            Temple (0/1) D:6            Lair (5/5) D:8
 Shoals (4/4) Lair:2        Snake (1/4) Lair:2        Slime (0/5) Lair:4
    Orc (2/2) D:10            Elf (0/3) Orc:2        Vaults (0/5) D:14
 Depths (0/4) D:15          Sewer (visited)         Ossuary (visited)
  IceCv (visited)         Gauntlet (visited)

Altars:
Ashenzari
Cheibriados
Nemelex Xobeh
Okawaru
Sif Muna
Trog
Uskayaw
Vehumet
Wu Jian
The Shining One
Jiyva

Shops:
D:1 [   D:3 =   D:9 *(   Orc:1 ?   Orc:2 **[[(   Shoals:2 (

Annotations:
D:11 3 runed translucent doors, cowcol's ghost, journeyman MiFi
Lair:4 1 runed translucent door, Cauraew's ghost, journeyman MiFi
Shoals:1 3 runed translucent doors, hndcvy's ghost, journeyman MiFi
Shoals:2 exclusion: kraken
Shoals:4 Mara; Polyphemus
Orc:1 1 runed translucent door, exclusion: 4 orange crystal statues


Innate Abilities, Weirdness & Mutations

You are too large for most types of armour.
You have claws for hands.
Your natural rate of healing is unusually fast.
You are covered in fur. (AC +1)
You have tough skin. (AC +1)


Message History

* * * LOW HITPOINT WARNING * * *
The naga mage hits you with a +0 whip.
* * * LOW HITPOINT WARNING * * *
You block the naga mage's attack. You block the black mamba's attack.
You feel better. The naga mage hits you with a +0 whip.
* * * LOW HITPOINT WARNING * * *
You block the naga mage's attack. You block the black mamba's attack.
You block the naga mage's attack. The naga mage grabs you.
The naga mage constricts you.
* * * LOW HITPOINT WARNING * * *
The black mamba bites you.
* * * LOW HITPOINT WARNING * * *
Okay, then.
The air is filled with shimmering golden clouds!
Sifu Lu Zhishen says: The storm will not cease as long as you keep fighting, disciple!
You block the naga mage's attack. The naga mage constricts you.
* * * LOW HITPOINT WARNING * * *
You block the black mamba's attack.
There is nothing to wall jump against here.
The naga mage's grasp on you weakens, but your attempt to escape fails.
A nearby plant withers and dies.
You block the black mamba's attack. The naga mage spits poison at you.
The splash of poison reflects off an invisible shield around you!
The splash of poison hits the naga mage.
The naga mage constricts you.
* * * LOW HITPOINT WARNING * * *
The black mamba bites you but does no damage.
The naga mage closely misses you. The naga mage constricts you.
You escape the naga mage's grasp.
The black mamba bites you!
* * * LOW HITPOINT WARNING * * *
Unknown command.
You block the black mamba's attack.
There is nothing to wall jump against here.
The black mamba attacks as you move away!
You block the black mamba's attack. The black mamba bites you.
* * * LOW HITPOINT WARNING * * *
The black mamba no longer looks unusually toxic.
The naga mage attacks as you move away! You block the naga mage's attack. x2
The black mamba bites you!
You die...

#.P..>...P####........
#...#☼☼§..# ##P.P#'.#
##.##☼§##.# #.....##
###☼☼##### ##.##.#
##§§# ####..#####
#☼☼☼# ##.........P
#§N☼# #...........
##S## #P..........
##§@# ###.........#
#§☼## #...........#
#☼§# ##...........
#..# ##.##.....##
###.# ###..##### #...#
#..## ##..# ##..#
###.# ### ##.#+#####
#P.'####P# #........#


You could see a black mamba and a naga mage (fast).

Vanquished Creatures
  Bai Suzhen (Shoals:3)
  Nikola (Shoals:3)
  Jorgrun (D:14)
  Rupert (Lair:5)
  Mlioglotl (Shoals:4)
  A kraken (Shoals:2)
  The ghost of Vunep the Severer, an adept DsFi of Gozag (Shoals:2)
  Aizul (Lair:2)
  A stone giant (D:15)
  A minotaur (Gauntlet)
  A fire dragon (Lair:1)
  16 merfolk impalers
  8 merfolk javelineers
  Josephine (D:14)
  An ice dragon (Lair:5)
  3 catoblepae (Lair:5)
  A ghost crab (Gauntlet)
  Erica (D:8)
  A death knight (D:15)
  5 hydras
  A radroach (shapeshifter) (D:14)
  5 two-headed ogres
  An alligator snapping turtle (Shoals:1)
  2 ogre magi
  5 merfolk aquamancers
  3 boulder beetles
  A merfolk avatar (Shoals:4)
  3 centaur warriors
  7 death yaks (Lair:5)
  3 satyrs
  A tengu warrior (D:15)
  4 orc high priests (Orc:2)
  Nergalle (D:10)
  A fire crab (Lair:5)
  6 sea snakes
  A deep troll (D:14)
  2 bog bodies (IceCv)
  A wizard (D:14)
  A kraken simulacrum (Shoals:4)
  Pikel (D:5)
  18 harpies
  A phantasmal warrior (D:14)
  5 deep elf pyromancers
  A lindwurm (Lair:1)
  7 orc knights
  28 manticores
  2 oklob plants
  5 ugly things
  7 orc sorcerers
  6 cyclopes
  17 fauns
  12 elephants
  8 merfolk sirens
  Maurice (D:8)
  3 water nymphs (Shoals:4)
  3 gargoyles
  An ice statue (IceCv)
  7 black mambas
  A torpor snail (Lair:2)
  A rime drake (Lair:4)
  An unseen horror (D:11)
  16 cane toads
  Psyche (D:8)
  7 komodo dragons
  7 kobold demonologists
  2 freezing wraiths
  3 anaconda simulacra (IceCv)
  An efreet (D:13)
  2 ice devils
  5 trolls
  A meliai (shapeshifter) (D:12)
  33 merfolk
  4 polar bears
  7 wind drakes
  7 dream sheep
  2 hornets (D:7)
  16 slime creatures
  Prince Ribbit (D:9)
  23 blink frogs
  7 snapping turtles
  3 shadows
  2 centaur simulacra (Gauntlet)
  8 wraiths
  9 water elementals
  4 wyverns
  5 basilisks
  68 yaks
  A steam dragon (D:6)
  A golden eye (shapeshifter) (D:13)
  A death yak simulacrum (IceCv)
  2 wargs (Orc:2)
  An acid dragon (D:10)
  13 water moccasins
  A meliai simulacrum (Gauntlet)
  A hydra simulacrum (IceCv)
  A floating eye (Orc:1)
  22 orc warriors
  An ice beast (D:7)
  3 sky beasts
  2 black bears
  11 wolves
  4 ogres
  4 centaurs
  4 lemures (D:5)
  2 phantoms (D:7)
  Blork the orc (D:5)
  3 kobold brigands
  5 necrophages
  21 bullfrogs
  5 water moccasin zombies (Ossuary)
  5 cane toad simulacra
  6 scorpions
  3 two-headed ogre simulacra (IceCv)
  15 wights
  An elephant simulacrum (IceCv)
  A howler monkey (D:12)
  6 hounds
  16 orc priests
  A gnoll bouda (D:9)
  11 jellies
  7 iguanas
  21 orc wizards
  7 spriggan simulacra (IceCv)
  A hell rat (Sewer)
  A polar bear simulacrum (IceCv)
  4 troll simulacra (IceCv)
  2 wolf simulacra (IceCv)
  2 mummies (Ossuary)
  3 gnolls (D:9)
  2 river rats (Sewer)
  9 adders
  7 naga simulacra (IceCv)
  4 shadow imps (D:7)
  11 white imps
  7 ufetubi
  8 adder zombies (Ossuary)
  A worm (D:3)
  2 dart slugs
  64 orcs
  4 bats
  17 endoplasms
  4 giant cockroaches
  A gnoll zombie (Ossuary)
  9 goblins
  7 hobgoblins
  2 quokkas
  17 ball pythons
  5 frilled lizards
  4 hobgoblin zombies (Ossuary)
  18 kobolds
  5 kobold zombies (Ossuary)
  3 orc zombies (Ossuary)
  19 rats
930 creatures vanquished.

Vanquished Creatures (collateral kills)
  A hydra (D:14)
1 creature vanquished.

Vanquished Creatures (others)
  A manticore (Shoals:3)
  2 orc priests (Orc:2)
  41 fungi
  116 plants
  14 tentacles (Shoals:2)
  2 withered plants (Shoals:2)
176 creatures vanquished.

Grand Total: 1107 creatures vanquished

Notes
Turn   | Place    | Note
-------+----------+-------------------------------------------
     0 | D:1      | LustLizard the Troll Fighter began the quest for the Orb.
     0 | D:1      | Reached XP level 1. HP: 22/22 MP: 0/0
   228 | D:1      | Reached XP level 2. HP: 26/29 MP: 1/1
   308 | D:1      | Found Jaanista's Armour Emporium.
   863 | D:2      | Found a faded altar of an unknown god.
  1137 | D:2      | Reached XP level 3. HP: 34/36 MP: 2/2
  1161 | D:2      | Reached skill level 3 in Unarmed Combat
  1448 | D:3      | Found a glowing drain.
  1560 | Sewer    | Entered a sewer
  1587 | Sewer    | Reached XP level 4. HP: 44/44 MP: 3/3
  1747 | D:3      | Found a sparkling altar of Nemelex Xobeh.
  1747 | D:3      | Found a broken altar of Ashenzari.
  1962 | D:3      | Found an iron altar of Okawaru.
  1962 | D:3      | Found an ornate altar of the Wu Jian Council.
  1962 | D:3      | Found a radiant altar of Vehumet.
  1998 | D:3      | Became a worshipper of the Wu Jian Council
  2029 | D:3      | Found Porococh's One-of-a-Kind Rings.
  2203 | D:4      | Reached skill level 4 in Unarmed Combat
  2203 | D:4      | Reached XP level 5. HP: 30/53 MP: 4/4
  2268 | D:4      | Found a sand-covered staircase.
  2367 | D:4      | Reached XP level 6. HP: 28/61 MP: 5/5
  2399 | Ossuary  | Entered an ossuary
  2432 | Ossuary  | Reached skill level 5 in Unarmed Combat
  2459 | Ossuary  | Reached * piety under Wu Jian
  2544 | Ossuary  | Reached XP level 7. HP: 60/68 MP: 6/6
  2665 | D:4      | Reached skill level 6 in Unarmed Combat
  2820 | D:4      | Reached ** piety under Wu Jian
  3591 | D:5      | Entered Level 5 of the Dungeon
  3591 | D:5      | You fall into a shaft and drop 3 floors!
  3642 | D:8      | Found a bloodstained altar of Trog.
  3711 | D:8      | Reached skill level 5 in Shields
  3711 | D:8      | Reached skill level 7 in Unarmed Combat
  3711 | D:8      | Reached XP level 8. HP: 67/79 MP: 7/7
  3735 | D:8      | Noticed Maurice
  3896 | D:5      | Reached *** piety under Wu Jian
  3985 | D:5      | Noticed Blork the orc
  3996 | D:5      | Killed Blork the orc
  3997 | D:5      | Reached skill level 5 in Fighting
  4153 | D:5      | Reached skill level 8 in Unarmed Combat
  4638 | D:5      | Noticed Pikel
  4659 | D:5      | Killed Pikel
  4660 | D:5      | Reached XP level 9. HP: 51/88 MP: 8/8
  4745 | D:6      | Reached skill level 9 in Unarmed Combat
  5190 | D:6      | Found a staircase to the Ecumenical Temple.
  6038 | D:3      | Bought the ring "Asaucwat" {Will+ rCorr} for 326 gold
                  | pieces
  6333 | D:7      | Reached skill level 10 in Unarmed Combat
  6339 | D:7      | Reached **** piety under Wu Jian
  6395 | D:7      | Reached XP level 10. HP: 92/98 MP: 9/9
  6563 | D:7      | Found the +2 hood of the Assassin {Detection Stab+ Stlth++}
  6563 | D:7      | Noticed a four-headed hydra
  7147 | D:7      | Reached skill level 11 in Unarmed Combat
  7176 | D:7      | Reached ***** piety under Wu Jian
  7187 | D:7      | Killed a four-headed hydra
  7484 | D:8      | Noticed Psyche
  7499 | D:8      | Killed Psyche
  7550 | D:8      | Identified the +0 pair of gloves "Put-Me-On" {rF+ Stlth+}
  7600 | D:7      | Paralysed by a hornet for 1 turns
  7608 | D:7      | Reached skill level 5 in Dodging
  8041 | D:8      | Noticed Erica
  9004 | D:8      | Found a staircase to the Lair.
  9004 | D:8      | Noticed an elephant
  9018 | D:8      | Reached XP level 11. HP: 107/109 MP: 10/10
  9231 | D:8      | Killed Maurice
  9252 | D:9      | Found Roinuquc's General Store.
  9381 | D:9      | Reached skill level 12 in Unarmed Combat
  9461 | D:9      | Found Hiud's Weapon Emporium.
  9572 | D:9      | Noticed an oklob plant
 10006 | D:9      | Killed an oklob plant
 10030 | D:9      | Noticed Prince Ribbit
 10041 | D:9      | Killed Prince Ribbit
 10233 | D:10     | Entered Level 10 of the Dungeon
 10238 | D:10     | Noticed Nergalle
 10250 | D:10     | Killed Nergalle
 10517 | D:10     | Found a staircase to the Orcish Mines.
 11186 | D:11     | Noticed a sun demon
 11348 | D:11     | Noticed a sun demon
 11593 | D:11     | Reached skill level 13 in Unarmed Combat
 11694 | D:11     | Found a runed translucent gate.
 11695 | D:11     | Found a runed translucent gate.
 11696 | D:11     | Found a runed translucent gate.
 11699 | D:11     | Noticed cowcol's ghost (journeyman MiFi)
 11851 | D:11     | Found a viscous altar of Jiyva.
 11937 | D:12     | Noticed a deep elf pyromancer
 11951 | D:12     | Noticed a white ugly thing
 11952 | D:12     | Killed a deep elf pyromancer
 11982 | D:12     | Killed a white ugly thing
 11983 | D:12     | Reached XP level 12. HP: 90/119 MP: 11/11
 12057 | D:12     | Found a gate leading to a gauntlet.
 12214 | Gauntlet | Entered a Gauntlet
 12214 | Gauntlet | Found a transporter.
 12214 | Gauntlet | Found a transporter.
 12219 | Gauntlet | Found a transporter.
 12235 | Gauntlet | Found a transporter.
 12251 | Gauntlet | Found a transporter.
 12264 | Gauntlet | Found a transporter.
 12279 | Gauntlet | Noticed a death scarab
 12279 | Gauntlet | Noticed a death scarab
 12280 | Gauntlet | Found a transporter.
 12356 | Gauntlet | Found a transporter.
 12372 | Gauntlet | Found a transporter.
 12397 | Gauntlet | Found a transporter.
 12400 | Gauntlet | Found a transporter.
 12408 | Gauntlet | Noticed a ghost crab
 12418 | Gauntlet | Found a transporter.
 12487 | Gauntlet | Found a transporter.
 12496 | Gauntlet | Noticed a death scarab
 12497 | Gauntlet | Found a transporter.
 12502 | Gauntlet | Found a transporter.
 12521 | Gauntlet | Found a transporter.
 12845 | Gauntlet | Killed a ghost crab
 13008 | Gauntlet | Identified the ring "Manofih" {Fire Str+2}
 13074 | Gauntlet | Identified the ring of Xom's Bemusement {rF+ rC- Will+
                  | Int+7}
 13074 | Gauntlet | Noticed a minotaur
 13088 | Gauntlet | Killed a minotaur
 13091 | Gauntlet | Identified the +1 robe "Piduju" {Will- Dex+10 Slay+2}
 13626 | Lair:1   | Entered Level 1 of the Lair of Beasts
 13722 | Lair:1   | Noticed an eight-headed hydra
 13729 | Lair:1   | Killed an eight-headed hydra
 13850 | Lair:1   | Reached skill level 14 in Unarmed Combat
 14340 | Lair:1   | Noticed a fire dragon
 14352 | Lair:1   | Killed a fire dragon
 14550 | Lair:2   | Noticed a boulder beetle
 14567 | Lair:2   | Killed a boulder beetle
 14607 | Lair:2   | Found a staircase to the Shoals.
 14641 | Lair:2   | Reached XP level 13. HP: 107/131 MP: 12/12
 14643 | Lair:2   | Reached skill level 10 in Shields
 14646 | Lair:2   | Reached ****** piety under Wu Jian
 15181 | Lair:2   | Found a staircase to the Snake Pit.
 15914 | Lair:3   | Reached skill level 15 in Unarmed Combat
 16137 | Lair:3   | Found a snail-covered altar of Cheibriados.
 17503 | Lair:4   | Found a runed translucent door.
 17505 | Lair:4   | Noticed Cauraew's ghost (journeyman MiFi)
 17639 | Lair:4   | Found a viscous altar of Jiyva.
 17639 | Lair:4   | Found a staircase to the Slime Pits.
 17793 | Lair:4   | Found a glowing golden altar of the Shining One.
 17997 | Lair:4   | Identified the +4 spear "Zeor" {holy, rElec rPois rN++
                  | Dex+2}
 18020 | Lair:5   | Entered Level 5 of the Lair of Beasts
 18092 | Lair:5   | Reached skill level 16 in Unarmed Combat
 18103 | Lair:5   | Reached skill level 10 in Fighting
 18198 | Lair:5   | Reached XP level 14. HP: 143/143 MP: 13/13
 18222 | Lair:5   | Found a frozen archway.
 18358 | IceCv    | Entered an ice cave
 20009 | Lair:5   | Noticed Rupert
 20216 | Lair:5   | Found a shimmering blue altar of Sif Muna.
 20231 | Lair:5   | Reached skill level 17 in Unarmed Combat
 21141 | Lair:5   | Killed Rupert
 21273 | D:8      | Killed Erica
 21371 | Orc:1    | Entered Level 1 of the Orcish Mines
 21371 | Orc:1    | Found a runed translucent door.
 21461 | Orc:1    | Found the +10 tower shield of Ignorance {rN+ Int-4}
 21469 | Orc:1    | Found a runed translucent door.
 21568 | Orc:1    | Found Nialas's Magic Scroll Emporium.
 21709 | Orc:1    | Paralysed by a floating eye for 2 turns
 22598 | Orc:2    | Entered Level 2 of the Orcish Mines
 22619 | Orc:2    | Found Fadi's Assorted Antiques.
 22745 | Orc:2    | Found a staircase to the Elven Halls.
 22989 | Orc:2    | Bought a brightly glowing robe for 188 gold pieces
 22989 | Orc:2    | Identified the +2 robe of Dishonour {Int+5} (You bought it
                  | in a shop on level 2 of the Orcish Mines)
 23047 | Orc:2    | Reached XP level 15. HP: 76/152 MP: 14/14
 23825 | Orc:2    | Found Ugit's General Store.
 23825 | Orc:2    | Found Bacom's Antique Weapon Shop.
 23996 | Orc:2    | Found Zasuudu's Armour Emporium.
 23996 | Orc:2    | Found Ytogeo Usoocs's Antique Armour Shop.
 25572 | D:14     | Reached skill level 18 in Unarmed Combat
 25632 | D:14     | Found a gate to the Vaults.
 25674 | D:14     | Noticed Josephine
 25685 | D:14     | Killed Josephine
 26302 | D:14     | Noticed Jorgrun
 26694 | D:14     | Killed Jorgrun
 27159 | D:15     | Entered Level 15 of the Dungeon
 27354 | D:15     | Found a staircase to the Depths.
 28211 | D:15     | Identified the +9 sling of Misery {freeze, rPois rC+ Str-4
                  | SInv}
 29072 | Shoals:1 | Entered Level 1 of the Shoals
 29326 | Shoals:1 | Reached skill level 19 in Unarmed Combat
 29552 | Shoals:1 | Reached XP level 16. HP: 89/165 MP: 15/15
 29849 | Shoals:1 | Found a runed translucent gate.
 29849 | Shoals:1 | Found a runed translucent gate.
 29849 | Shoals:1 | Found a runed translucent gate.
 29850 | Shoals:1 | Noticed hndcvy's ghost (journeyman MiFi)
 30707 | Shoals:2 | Found Tuic's Firing Range.
 30801 | Shoals:2 | Found a runed translucent door.
 30804 | Shoals:2 | Noticed Vunep's ghost (adept DsFi)
 31294 | Shoals:2 | Noticed a kraken
 31313 | Shoals:2 | Killed a kraken
 31766 | Shoals:2 | Noticed a kraken
 32050 | Shoals:3 | Noticed Nikola
 32092 | Shoals:3 | Killed Nikola
 32245 | Shoals:3 | Reached skill level 20 in Unarmed Combat
 32477 | Shoals:3 | Found a hide-covered altar of Uskayaw.
 32911 | Shoals:3 | Noticed Bai Suzhen
 33139 | Shoals:3 | Killed Bai Suzhen
 33585 | Shoals:4 | Entered Level 4 of the Shoals
 33678 | Shoals:4 | Noticed Mlioglotl
 33968 | Shoals:4 | Noticed Polyphemus
 33995 | Shoals:4 | Noticed Mara
 34033 | Shoals:4 | Noticed LustLizard's illusion
 34461 | Shoals:4 | Reached XP level 17. HP: 167/176 MP: 16/16
 34475 | Shoals:4 | Killed Mlioglotl
 34601 | Shoals:4 | Noticed LustLizard's illusion
 34693 | Shoals:4 | Reached skill level 21 in Unarmed Combat
 35184 | Shoals:4 | HP: 7/178 [merfolk/+0 spear[a merfolk impaler] (16)]
 36177 | Shoals:4 | Noticed LustLizard's illusion
 36380 | Shoals:4 | Got a barnacled rune of Zot
 37172 | Shoals:2 | Killed Vunep's ghost
 37176 | Shoals:2 | Identified the +8 arbalest of Rotation {speed, Str+4}
 37424 | Snake:1  | Entered Level 1 of the Snake Pit
 37424 | Snake:1  | Noticed Aizul
 37446 | Lair:2   | Killed Aizul
 37453 | Lair:2   | HP: 8/179 [black mamba (5)]
 37455 | Lair:2   | Slain by a black mamba

Illustrated notes

Levels and vault maps discovered:
D:1:      dpeg_arrival_ratfight, layout_basic, serial_shops,
          nicolae_shop_window_shopping, roderic_serpentine_path
D:2:      layout_basic, hellmonk_ecumenical_altar_blasted,
          kennysheep_generic_room_4
D:3:      layout_basic, gammafunk_temple_overflow_claw,
          gammafunk_temple_overflow_wave, portal_sewer_entry_e,
          nicolae_shop_unique_rings
D:4:      layout_loops_cross, enter_ossuary_1, chequers_serial_rivers_large_a,
          kennysheep_pointless_box, minmay_splitting_lines, st_stairs_7,
          minmay_snake_closets
D:5:      layout_cave_pools, serial_column_ruins, column_ruins_hut,
          column_ruins_open_small, column_ruins_open_tiny_water,
          column_ruins_corridor_straight, minmay_a_box_with_orc_wizards_in_it,
          uniq_blork_the_orc, uniq_pikel
D:6:      minmay_evil_eye, layout_loops_ring, minmay_temple_entry_slanted,
          serial_glass, glass_columns_a, glass_columns_a,
          grunt_decor_one_mirror, minmay_misc_feat_encased
D:7:      minmay_the_grid_octo_tiled_squarecenter
          [minmay_the_grid_octo_thin_diamonds, minmay_the_grid_octo_focus,
          minmay_the_grid_octo_tetromino_candy,
          minmay_the_grid_octo_checkerflower,
          minmay_the_grid_square_5x5_megaprize_crossed,
          minmay_the_grid_square_5x5_fat_x, minmay_the_grid_square_5x5_inner_z,
          minmay_the_grid_square_5x5_bridge,
          minmay_the_grid_square_5x5_two_walls_a], layout_layer_cave
D:8:      layout_basic, trog_hazing_becter, david_lair_generic, st_stairs_4,
          serial_bayou_pond_e, minivault_10, uniq_psyche, uniq_maurice,
          uniq_erica
D:9:      lemuel_slime, layout_cross, serial_shops, shop, shop_fountains,
          uniq_prince_ribbit1
D:10:     layout_loops_corners, orc_0_dummy, serial_glass, glass_columns_a,
          glass_columns_b, uniq_nergalle
D:11:     layout_roguey, gammafunk_ghost_ooze
D:12:     layout_basic, gauntlet_entry_generic, grunt_decor_cap
D:13:     layout_stronghold
D:14:     layout_roguey, david_vaults_4, chequers_arboretum,
          dreamdust_wishing_well, uniq_josephine, uniq_jorgrun
D:15:     grunt_enter_depths_giant_problem, layout_layer_cave, nrook_campfire
Lair:1:   dragon1_lemuel, layout_loops_ring, infiniplex_staircase_pool_2
Lair:2:   layout_roguey, minmay_shoals_entry_lonely_mermaid, dummy_snake_entry,
          grunt_megastairs_3, serial_bayou_shore_a
Lair:3:   layout_hall_layers, basic_altar, st_stairs_11
Lair:4:   layout_long_grid, dpeg_slime_entry_corner, basic_altar,
          ebering_ghost_funeral_grove, chequers_serial_rivers_micro_e
Lair:5:   evilmike_catoblepas_cave, layout_cave_shapes,
          portal_ice_cave_entry_animals_and_master, basic_altar,
          bh_autumn_forest_stairs, minivault_25, uniq_rupert
Shoals:1: layout_shoals, gammafunk_ghost_tricky_traps
Shoals:2: layout_shoals, gammafunk_ghost_grave, nicolae_shop_firing_range
Shoals:3: cheibrodos_shoals_roost, layout_shoals, lemuel_oklob_altar,
          uniq_nikola, uniq_bai_suzhen
Shoals:4: shoals_end_grunt_ice, layout_shoals,
          nicolae_shoals_pincushion_passage, uniq_polyphemus, uniq_mlioglotl,
          uniq_mara
Snake:1:  layout_rooms, serial_shops, shop_fountains, uniq_aizul
Orc:1:    hellmonk_paralyzer, layout_caves, serial_shops, shop_statue,
          chequers_guarded_unrand_ignorance
Orc:2:    grunt_orc_tribal_feast, layout_caves, serial_shops, shop_coins

Skill      XL: |  1  2  3  4  5  6  7  8  9 10 11 12 13 14 15 16 17 |
---------------+----------------------------------------------------+-----
Shields        | 3 4 5 6 7 8 9 10 11 12 13 | 13.3
Unarmed Combat | 3 4 5 7 8 10 11 13 14 16 17 19 20 21 | 21.7
Fighting       | 3 4 5 6 7 8 9 10 11 13 | 13.7
Dodging        | 3 5 6 7 8 9 |  9.9

Action                   |  1- 3 |  4- 6 |  7- 9 | 10-12 | 13-15 | 16-18 || total
-------------------------+-------+-------+-------+-------+-------+-------++-------
Melee: Unarmed           |   128 |   143 |   414 |   611 |  1475 |   682 ||  3453
       Scimitar          |       |       |       |       |     2 |       ||     2
Throw: Dart              |       |       |     3 |     7 |     4 |    20 ||    34
Invok: Lunge             |       |     4 |    27 |    41 |   101 |    81 ||   254
       Whirlwind         |       |       |    22 |    63 |   346 |    46 ||   477
       Heavenly Storm    |       |       |       |       |       |     1 ||     1
Evoke: Wand              |       |       |       |       |    27 |     9 ||    36
       Condenser vane    |       |       |       |       |     3 |     3 ||     6
       Phantom mirror    |       |       |       |       |     3 |     2 ||     5
       Phial of floods   |       |       |       |       |       |     2 ||     2
       Box of beasts     |       |       |       |       |       |     1 ||     1
  Use: Scroll            |       |     1 |    14 |    10 |    12 |     7 ||    44
       Potion            |       |     1 |       |     5 |    12 |    13 ||    31
 Stab: Sleeping          |     1 |       |       |    12 |    15 |     3 ||    31
       Distracted        |       |       |       |     2 |     4 |     3 ||     9
       Confused          |       |       |       |       |     2 |       ||     2
       Invisible         |       |       |       |       |     1 |       ||     1
       Held in net/web   |       |       |       |       |       |     1 ||     1
Armor: Robe              |    30 |    29 |    64 |       |       |       ||   123
       Steam dragon scal |       |       |    16 |   125 |   209 |    81 ||   431
       Skin              |       |       |       |    17 |    18 |       ||    35
Dodge: Dodged            |    42 |    52 |    82 |   108 |   291 |   161 ||   736
Block: Kite shield       |    54 |    39 |   178 |   305 |   738 |   425 ||  1739
       Reflection        |       |       |     8 |    10 |    18 |    67 ||   103
